 Dungeon Crawl Stone Soup version 0.26.1-11-gd32895ea62 (webtiles) character file.

Game seed: 3495942401381874187

293 Mattiprrivan the Skirmisher (level 6, -10/65 HPs)
             Began as an Ogre Fighter on June 6, 2021.
             Mangled by Pikel
             ... wielding a +0 whip of electrocution
              (12 damage)
             ... on level 5 of the Dungeon on June 9, 2021.
             The game lasted 00:31:44 (3531 turns).

Mattiprrivan the Skirmisher (Ogre Fighter)          Turns: 3531, Time: 00:31:45

Health: -10/65     AC:  8    Str: 22      XL:     6   Next: 33%
Magic:  6/6        EV:  9    Int:  8 (9)  God:
Gold:   78         SH:  9    Dex:  8 (9)  Spells: 5/5 levels left

rFire    . . .     SeeInvis .   a - +1 flail
rCold    . . .     Faith    .   m - +0 kite shield {AC+3}
rNeg     + + +     Spirit   .   b - +0 robe
rPois    .         Reflect  .   d - +1 hat of Ataskuw {rN+++ Regen+}
rElec    .         Harm     .   f - +0 cloak
rCorr    .         Rampage  .   (gloves unavailable)
Will     .....                  (boots unavailable)
Stlth    +.........             k - amulet of regeneration
HPRegen  1.00/turn              (no ring)
MPRegen  0.10/turn              (no ring)

@: no status effects
A: large, unfitting armour, tough skin 1
a: no special abilities


You were on level 5 of the Dungeon.
You visited 1 branch of the dungeon, and saw 5 of its levels.

You collected 258 gold pieces.
You spent 180 gold pieces at shops.

Inventory:

Hand Weapons
 a - a +1 flail (weapon)
Missiles
 e - 10 boomerangs
 h - 5 atropa-tipped darts (quivered)
 i - 4 javelins
 j - 6 silver javelins
 l - 19 poisoned darts
Armour
 b - a +0 robe (worn)
 d - the +1 hat of Ataskuw (worn) {rN+++ Regen+}
   (You found it on level 5 of the Dungeon)

   It renders you almost immune to negative energy.
   It increases your rate of regeneration.
 f - a +0 cloak (worn)
 m - a +0 kite shield of protection (worn)
Jewellery
 k - an amulet of regeneration (around neck)
Scrolls
 g - 2 scrolls of remove curse
 p - a scroll of teleportation
Potions
 n - a potion of flight
 o - 2 potions of ambrosia


   Skills:
 * Level 4.9 Fighting
 * Level 3.5 Maces & Flails
 * Level 1.9 Throwing
 * Level 3.5 Dodging
 - Level 0.2 Stealth
 * Level 3.8 Shields


You had 5 spell levels left.
You didn't know any spells.
Your spell library was empty.

Dungeon Overview and Level Annotations

Branches:
Dungeon (5/15)
 Temple: D:4-7

Altars:
Uskayaw

Shops:
D:4 ****

Annotations:
D:5 Pikel


Innate Abilities, Weirdness & Mutations

You are too large for most types of armour.
You have tough skin. (AC +1)


Message History

The lemure barely misses you. You block the lemure's attack.
You block Pikel's attack.
You hit Pikel but do no damage.
Pikel is moderately wounded.
The lemure hits you. x2
Pikel cracks his whip.
Pikel hits you with a +0 whip of electrocution.
The lemure barely misses you. The lemure hits you but does no damage.
You sock Pikel!
Pikel is heavily wounded.
Pikel hits you with a +0 whip of electrocution.
You are electrocuted!
* * * LOW HITPOINT WARNING * * *
The lemure hits you.
* * * LOW HITPOINT WARNING * * *
The lemure misses you.
Pikel hits you with a +0 whip of electrocution.
* * * LOW HITPOINT WARNING * * *
You are electrocuted!
You die...

# #...# #..........
###...## ###.#.#.#.#.#
.......# #...<.....#
###......>###.#.#.#.#.#
# #######.............#
###...#.#.#.###
##.........#
#.##K#5#.##
...#..@5...#
..####.#.#.#.>.. .#
##.####.... . ### ## ##
... ###


You could see Pikel and 2 lemures.

Vanquished Creatures
  A scorpion (D:4)
  A howler monkey (D:4)
  A centaur zombie (D:5)
  A hound (D:4)
  4 adders
  A shadow imp (D:5)
  A white imp (D:5)
  An ooze (D:1)
  A worm (D:2)
  3 dart slugs (D:1)
  A leopard gecko (D:3)
  2 orcs (D:3)
  A ball python (D:2)
  7 giant cockroaches
  6 goblins
  7 hobgoblins
  16 jackals
  A quokka (D:2)
  6 bats
  2 frilled lizards
  2 kobolds
  9 rats
75 creatures vanquished.

Notes
Turn   | Place    | Note
-------+----------+-------------------------------------------
     0 | D:1      | Mattiprrivan the Ogre Fighter began the quest for the Orb.
     0 | D:1      | Reached XP level 1. HP: 24/24 MP: 1/1
   169 | D:1      | Reached XP level 2. HP: 22/32 MP: 2/2
   704 | D:1      | Reached XP level 3. HP: 39/40 MP: 3/3
  1384 | D:2      | Reached skill level 1 in Throwing
  1489 | D:2      | Reached XP level 4. HP: 48/49 MP: 4/4
  2813 | D:4      | Found Cetumofas's General Store.
  2813 | D:4      | Found Xiuci's General Store.
  2816 | D:4      | Found Maamenemm's Assorted Antiques.
  2820 | D:4      | Found Gemum's General Store.
  2848 | D:4      | Bought a +0 kite shield of protection for 138 gold pieces
  2851 | D:4      | Bought a potion of flight for 42 gold pieces
  2893 | D:4      | Reached XP level 5. HP: 55/55 MP: 5/5
  3233 | D:4      | Reached XP level 6. HP: 65/65 MP: 6/6
  3236 | D:4      | Noticed a +0 hand axe
  3236 | D:4      | Noticed a +0 hand axe
  3242 | D:4      | Found a hide-covered altar of Uskayaw.
  3349 | D:5      | Entered Level 5 of the Dungeon
  3357 | D:5      | Got an ichor-stained hat
  3363 | D:5      | Identified the +1 hat of Ataskuw {rN+++ Regen+} (You found
                  | it on level 5 of the Dungeon)
  3512 | D:5      | Noticed Pikel
  3531 | D:5      | HP: 2/65 [Pikel/+0 whip of electrocution (2)]
  3531 | D:5      | Mangled by Pikel

Illustrated notes

Levels and vault maps discovered:
D:1:      lemuel_arrival_muddy, layout_rooms
D:2:      layout_loops_ring
D:3:      layout_rooms
D:4:      layout_rooms, dancing_weapons_uskayaw, minmay_shop_grid_forest,
          columned_hall_lemuel, kennysheep_decorative_pillar
D:5:      layout_rooms, serial_shops, nicolae_shop_competitors_out_of_business,
          st_stairs_12, uniq_eustachio, uniq_pikel

Skill      XL: |  1  2  3  4  5 |
---------------+----------------+-----
Maces & Flails | 2 3 |  3.5
Shields        | 3 |  3.8
Throwing       | 1 |  1.9
Dodging        | 3 |  3.5
Fighting       | |  4.9
Stealth        | |  0.2

Action                   |  1- 3 |  4- 6 || total
-------------------------+-------+-------++-------
Melee: Flail             |    86 |   202 ||   288
Throw: Boomerang         |    31 |       ||    31
       Dart              |     5 |    31 ||    36
  Use: Potion            |     2 |     4 ||     6
       Scroll            |     4 |     9 ||    13
 Stab: Invisible         |     2 |     3 ||     5
Armor: Robe              |    26 |    91 ||   117
Dodge: Dodged            |    28 |   117 ||   145
Block: Kite shield       |    36 |   158 ||   194
